 Dungeon Crawl Stone Soup version 0.24-a0-784-g601f8f6d22 (webtiles) character file.

Game seed: 1943164882449164786, levelgen mode: deterministic

233 Amen the Sneak (level 6, -8/36 HPs)
             Began as an Octopode Wizard on Oct 9, 2019.
             Killed from afar by Ijyb (14 damage)
             ... with an iceblast
             ... on level 3 of the Dungeon.
             The game lasted 00:37:47 (3585 turns).

Amen the Sneak (Octopode Wizard)                    Turns: 3585, Time: 00:37:47

Health: -8/36      AC:  1    Str:  6    XL:     6   Next: 4%
Magic:  9/11       EV: 13    Int: 23    God:
Gold:   107        SH:  0    Dex: 10    Spells: 1/12 levels left

rFire    . . .     SeeInvis .   k - +2 dagger (venom)
rCold    . . .     Gourm    .   (no shield)
rNeg     . . .     Faith    .   a - +0 hat
rPois    .         Spirit   .   (no amulet)
rElec    .         Reflect  .   (no ring)
rCorr    .         Harm     .   (no ring)
MR       .....                  (no ring)
Stlth    +++.......             (no ring)
HPRegen  0.12/turn              (no ring)
MPRegen  0.12/turn              (no ring)
                                (no ring)
                                (no ring)

@: no status effects
A: almost no armour, stealthy swim, amphibious, 8 rings, constrict 8, camouflage
1, gelatinous body 1
a: no special abilities


You were on level 3 of the Dungeon.
You were not hungry.

You visited 1 branch of the dungeon, and saw 3 of its levels.

You collected 107 gold pieces.

Inventory:

Hand Weapons
 i - a +2 dagger of protection
 k - a +2 dagger of venom (weapon)
Armour
 a - a +0 hat (worn)
Scrolls
 b - 7 scrolls of identify {unknown}
 e - 5 scrolls of remove curse {unknown}
 f - a scroll of teleportation {unknown}
 h - a scroll of immolation {unknown}
 n - a scroll of random uselessness {unknown}
 p - a scroll of blinking {unknown}
Potions
 d - a potion of brilliance
 g - a potion of lignification {unknown}
 j - a potion of heal wounds {unknown}
 m - a potion of haste {unknown}
 o - a potion of berserk rage {unknown}
Comestibles
 c - 8 rations


   Skills:
 - Level 2.0 Dodging
 - Level 4.0 Stealth
 - Level 3.8 Spellcasting
 + Level 2.7 Conjurations
 - Level 1.5 Summonings
 - Level 1.7 Translocations
 - Level 1.1 Air Magic
 + Level 3.0 Poison Magic


You had one spell level left.
You knew the following spells:

 Your Spells              Type           Power        Failure   Level  Hunger
a - Magic Dart            Conj           ###.         3%          1    None
b - Call Imp              Summ           ##......     9%          2    #......
c - Blink                 Tloc           N/A          8%          2    #......
d - Mephitic Cloud        Conj/Pois/Air  ##......     12%         3    ###....
e - Conjure Flame         Conj/Fire      ##......     19%         3    ###....

Your spell library contained the following spells:

 Spells                   Type           Power        Failure   Level  Hunger
 Slow                     Hex            #.......     16%         2    #......


Dungeon Overview and Level Annotations

Branches:
Dungeon (3/15)

Altars:
Trog
Zin
The Shining One

Annotations:
D:3 Ijyb


Innate Abilities, Weirdness & Mutations

You cannot wear most types of armour.
You are very stealthy in the water. (Stealth+)
You are amphibious.
You can wear up to eight rings at the same time.
You can use your tentacles to constrict eight enemies at once.
Your skin changes colour to match your surroundings (Stealth+).
Your rubbery body absorbs attacks. (AC +1, EV +1)


Message History

A hobgoblin comes into view.
Your white imp gestures at Ijyb.
The puff of frost hits Ijyb.
Ijyb resists.
Ijyb barely misses your white imp.
Your white imp closely misses Ijyb.
Your white imp barely misses Ijyb.
Ijyb hits your white imp with a +0 club.
Your white imp dies!
Casting: Magic Dart (safe; 3% risk of failure)
Confirm with . or Enter, or press ? or * to list all spells.
Aiming: Magic Dart (safe; 3% risk of failure)
Press: ? - help, Shift-Dir - straight line, f/p - Ijyb
Aim: Ijyb, wielding a +0 club, wearing a +3 leather armour of cold resistance and carrying a wand of iceblast (8) (moderately wounded)
The magic dart hits Ijyb but does no damage.
Ijyb is moderately wounded.
You see here a pair of boots.
Ijyb zaps a wand.
The mass of ice explodes!
The iceblast engulfs you!!
Ouch! That really hurt!
* * * LOW HITPOINT WARNING * * *
Ijyb zaps a wand.
The mass of ice explodes!
The iceblast engulfs you!
You die...

#g#####.....# #. .#
#....[g.....# #.## .##
#######g.##.###... .. #.#
#...........#.###. #.#
#..####........... #>#
#..# ##...... #.# #..#
#.# #># #..# ######.# #^#
#@.# ##......# #.# #).#
#..._...#
#.###########..#
#...8..##
#.[............###..._..#
############...##.......#
#....###.###..## #.#.##
#.# ##.# #.#.# ##.## #.#
#.#[###...###.#


You could see Ijyb and a hobgoblin.

Vanquished Creatures
  An orc wizard (D:3)
  Robin (D:2)
  2 gnolls
  3 adders
  2 oozes
  A worm (D:2)
  6 dart slugs
  4 leopard geckos
  4 orcs (D:3)
  6 giant cockroaches
  10 hobgoblins
  2 jackals (D:1)
  8 kobolds
  2 quokkas (D:2)
  9 bats
  6 frilled lizards
  16 goblins
  5 rats
88 creatures vanquished.

Vanquished Creatures (collateral kills)
  An orc priest (D:3)
  An adder (D:3)
  2 orcs (D:3)
4 creatures vanquished.

Grand Total: 92 creatures vanquished

Notes
Turn   | Place    | Note
-------+----------+-------------------------------------------
     0 | D:1      | Amen the Octopode Wizard began the quest for the Orb.
     0 | D:1      | Reached XP level 1. HP: 11/11 MP: 4/4
   197 | D:1      | Reached skill level 3 in Stealth
   331 | D:1      | Reached XP level 2. HP: 17/17 MP: 1/6
   818 | D:1      | Reached XP level 3. HP: 19/21 MP: 0/8
   980 | D:1      | Reached skill level 4 in Stealth
  1136 | D:1      | Learned a level 2 spell: Call Imp
  1139 | D:1      | Learned a level 2 spell: Blink
  1143 | D:1      | Learned a level 3 spell: Mephitic Cloud
  1498 | D:2      | Reached XP level 4. HP: 27/27 MP: 4/9
  1842 | D:2      | Found a glowing golden altar of the Shining One.
  1898 | D:2      | Noticed Robin
  2403 | D:3      | Reached skill level 1 in Poison Magic
  2716 | D:2      | Killed Robin
  2716 | D:2      | Reached skill level 1 in Air Magic
  2716 | D:2      | Reached XP level 5. HP: 28/31 MP: 3/10
  2812 | D:2      | Learned a level 3 spell: Conjure Flame
  2952 | D:3      | Found a bloodstained altar of Trog.
  2953 | D:3      | Found a glowing silver altar of Zin.
  3184 | D:3      | Reached XP level 6. HP: 13/36 MP: 7/11
  3564 | D:3      | Noticed Ijyb
  3585 | D:3      | Killed from afar by Ijyb

Levels and vault maps discovered:
D:1:      dpeg_arrival_rhombus, layout_rooms
D:2:      layout_loops_ring, lemuel_round_altar, mrwooster_statue_mirror,
          grunt_ministairs_13, minmay_pentomino_x2, uniq_terence, uniq_robin
D:3:      layout_loops_ring, chequers_temple_overflow_statue_of_worship,
          first_ration, lexackson_kobold_supper, uniq_ijyb

Skill      XL: |  1  2  3  4  5 |
---------------+----------------+-----
Stealth        | 3 4 |  4.0
Poison Magic   | 1 3 |  3.0
Air Magic      | 1 |  1.1
Conjurations   | 2 |  2.7
Dodging        | |  2.0
Spellcasting   | |  3.8
Summonings     | |  1.5
Translocations | |  1.7

Action                   |  1- 3 |  4- 6 || total
-------------------------+-------+-------++-------
Melee: Unarmed           |     7 |       ||     7
       Constrict         |     9 |    26 ||    35
       Dagger            |    23 |    80 ||   103
       Tentacles         |     1 |     9 ||    10
 Cast: Magic Dart        |    81 |    77 ||   158
       Call Imp          |       |     3 ||     3
  Use: Potion            |       |     2 ||     2
 Stab: Sleeping          |       |     4 ||     4
       Distracted        |       |     1 ||     1
  Eat: Chunk             |     2 |     5 ||     7
       Ration            |       |     1 ||     1
Armor: Skin              |     6 |    12 ||    18
Dodge: Dodged            |    18 |    54 ||    72

Table legend:
 A = Non-vault XP
 B = Vault XP
 C = Vault XP percentage of total XP
 D = Non-vault monster count
 E = Vault monster count
 F = Vault count percentage of total count
                 A         B        C        D         E       F
            +---------+---------+-------+---------+---------+-------
      Total |     294 |      39 |  11.7 |      80 |      12 |  13.0
            +---------+---------+-------+---------+---------+-------
        D:1 |      61 |       0 |   0.0 |      32 |       0 |   0.0
        D:2 |      73 |      39 |  34.8 |      24 |      12 |  33.3
        D:3 |     160 |       0 |   0.0 |      24 |       0 |   0.0
            +---------+---------+-------+---------+---------+-------
